Map: [ESL] Cosmic Sapphire

Players

Lambo - Winner!

  • Race: Zerg Zerg
  • League: Master
  • Spawn Location: 5:00

Zoun

  • Race: Protoss Protoss
  • Spawn Location: 11:00

Event: HomeStory Cup XXI

VOD

Have the link to the VOD?

Description

Time

  • Played on: July 24, 2022, 11 a.m.
  • Length: 8:53

All games in this series

Show
View Real Time Build Order
Export as new Build Order

Lambo Zerg - Winner!

Build Orders: Hatch First 

Get SALT Encoding   

  12  0:00  Drone  
  13  0:12  Overlord  
  13  0:17  Drone  
  14  0:30  Drone x2  
  16  0:43  Drone  
  17  0:51  Hatchery  
  17  0:54  Drone  
  17  0:57  Drone  
  18  1:07  Extractor  
  17  1:12  Spawning Pool  
  17  1:18  Drone  
  17  1:19  Drone  
  18  1:28  Drone  
  19  1:38  Drone  
  20  1:51  Overlord  
  20  1:59  Queen  
  22  2:03  Queen  
  22  2:04  Drone, Zergling x2  
  26  2:09  Metabolic Boost  
  26  2:11  Zergling x2  
  26  2:14  Drone  
  28  2:21  Drone  
  29  2:24  Drone  
  30  2:35  Drone  
  31  2:37  Hatchery  
  31  2:42  Drone  
  31  2:44  Overlord  
  31  2:46  Drone  
  32  2:52  Queen  
  32  2:56  Drone  
  32  2:58  Drone  
  36  3:04  Queen  
  38  3:06  Overlord  
  41  3:12  Drone x3  
  41  3:15  Drone  
  41  3:18  Drone  
  43  3:20  Overlord  
  43  3:27  Spore Crawler  
  43  3:31  Queen, Drone  
  47  3:34  Drone  
  47  3:35  Drone  
  47  3:36  Drone  
  49  3:42  Overlord  
  49  3:45  Drone x3  
  52  3:51  Zergling x4  
  52  3:54  Drone  
  55  3:57  Overlord  
  55  3:59  Spore Crawler, Queen  
  55  4:02  Zergling x2  
  57  4:04  Drone x2  
  59  4:12  Drone x4  
  59  4:15  Overlord  
  59  4:16  Spore Crawler  
  62  4:18  Drone x2  
  62  4:21  Drone x2  
  66  4:25  Overlord  
  66  4:33  Drone x3  
  69  4:38  Queen  
  69  4:40  Extractor x2, Roach Warren, Drone  
  69  4:42  Drone x2  
  71  4:45  Lair  
  71  4:47  Zergling x2  
  71  4:49  Drone  
  72  5:01  Drone x7  
  77  5:10  Drone  
  77  5:11  Drone  
  79  5:14  Extractor  
  79  5:16  Evolution Chamber  
  79  5:17  Drone x7  
  79  5:19  Drone x2  
  86  5:21  Extractor x2  
  86  5:22  Overlord  
  86  5:23  Overlord  
  86  5:28  Queen x2  
  83  5:29  Drone  
  88  5:40  Roach x2  
  88  5:42  Overlord  
  92  5:43  Overlord  
  92  5:45  Hatchery  
  92  5:48  Glial Reconstitution, Zerg Missile Weapons Level 1  
  92  5:49  Drone  
  92  5:54  Drone  
  92  5:56  Queen  
  95  5:58  Roach x2  
  95  6:02  Drone  
  106  6:04  Roach x3  
  106  6:12  Roach  
  106  6:13  Roach x4  
  106  6:15  Queen  
  106  6:16  Pneumatized Carapace  
  118  6:21  Overlord  
  118  6:23  Overlord x2  
  118  6:26  Overlord  
  118  6:28  Spore Crawler  
  118  6:30  Overlord  
  117  6:35  Overlord  
  117  6:38  Overlord  
  117  6:40  Overlord  
  117  6:43  Roach x3  
  117  6:46  Overlord  
  120  6:49  Overlord  
  120  6:50  Overlord  
  120  6:52  Ravager x5  
  125  6:56  Roach x2  
  125  7:00  Roach x2  
  125  7:01  Roach  
  134  7:04  Roach x2  
  134  7:05  Ravager x3  
  134  7:06  Zergling x2  
  139  7:10  Roach x2  
  139  7:13  Roach, Zergling x2  
  139  7:14  Zergling x2  
  147  7:18  Ravager  
  147  7:19  Ravager, Zergling x8  
  153  7:25  Zergling x12  
  158  7:30  Ravager  
  158  7:35  Overlord, Ravager  
  164  7:37  Roach x2, Zergling x10  
  149  8:00  Roach x6  
  145  8:08  Zergling x14  
  142  8:15  Roach x4  
  142  8:19  Roach  
  141  8:27  Roach x3  
  141  8:33  Roach x3  
Show
View Real Time Build Order
Export as new Build Order

Zoun Protoss 

Build Orders: 1 Gate Expand, Oracle Opening 

Get SALT Encoding   

  12  0:00  Probe  
  13  0:12  Probe  
  14  0:20  Pylon  
  14  0:24  Probe  
  15  0:38  Probe (Chrono Boost)  
  15  0:40  Gateway  
  16  0:47  Probe (Chrono Boost)  
  16  0:49  Assimilator  
  17  0:52  Probe (Chrono Boost)  
  18  1:04  Probe  
  19  1:16  Probe  
  20  1:26  Nexus  
  20  1:36  Cybernetics Core  
  20  1:39  Probe  
  21  1:44  Assimilator  
  21  1:51  Probe  
  22  1:55  Pylon  
  22  2:04  Probe  
  23  2:10  Adept (Chrono Boost)  
  25  2:16  Probe  
  25  2:17  Stargate  
  26  2:26  Warp Gate  
  26  2:28  Probe  
  27  2:35  Adept  
  29  2:38  Probe (Chrono Boost)  
  29  2:40  Probe (Chrono Boost)  
  31  2:48  Probe (Chrono Boost)  
  31  2:49  Probe (Chrono Boost)  
  33  2:53  Probe (Chrono Boost)  
  33  2:54  Probe (Chrono Boost)  
  35  3:04  Probe  
  40  3:08  Void Ray (Chrono Boost)  
  40  3:11  Probe  
  41  3:15  Pylon  
  41  3:17  Probe  
  42  3:23  Probe  
  43  3:29  Probe  
  44  3:35  Probe  
  44  3:36  Oracle (Chrono Boost)  
  48  3:44  Probe  
  49  3:49  Probe  
  49  3:50  Nexus  
  49  3:52  Pylon  
  50  3:56  Probe  
  50  3:57  Assimilator  
  50  3:59  Assimilator  
  50  4:02  Probe  
  52  4:07  Gateway  
  52  4:10  Probe  
  52  4:15  Probe  
  54  4:18  Stargate  
  54  4:21  Protoss Air Weapons Level 1  
  55  4:24  Probe  
  55  4:26  Phoenix  
  55  4:28  Probe  
  58  4:34  Shield Battery  
  58  4:36  Probe  
  58  4:38  Pylon  
  59  4:40  Probe, Forge  
  60  4:48  Probe  
  60  4:52  Pylon, Probe  
  62  5:00  Probe (Chrono Boost), Phoenix  
  62  5:04  Probe (Chrono Boost)  
  62  5:07  Probe (Chrono Boost), Phoenix  
  69  5:12  Probe (Chrono Boost)  
  70  5:16  Probe (Chrono Boost)  
  70  5:20  Probe x2 (Chrono Boost), Assimilator  
  73  5:21  Phoenix (Chrono Boost)  
  73  5:22  Probe (Chrono Boost)  
  73  5:24  Assimilator  
  73  5:28  Probe x2  
  77  5:31  Probe  
  77  5:34  Robotics Facility  
  77  5:35  Robotics Facility  
  81  5:39  Phoenix (Chrono Boost)  
  81  5:41  Probe  
  82  5:43  Phoenix (Chrono Boost)  
  82  5:45  Pylon  
  82  5:47  Probe x2  
  82  5:49  Pylon  
  86  5:51  Sentry  
  86  5:54  Probe  
  86  5:56  Phoenix  
  91  6:00  Probe  
  91  6:01  Protoss Ground Weapons Level 1, Probe  
  91  6:03  Phoenix  
  95  6:06  Pylon  
  95  6:12  Gateway  
  95  6:13  Gateway  
  95  6:19  Sentry  
  97  6:26  Immortal x2 (Chrono Boost)  
  105  6:33  Probe  
  105  6:38  Twilight Council  
  106  6:42  Pylon  
  106  6:47  Probe  
  107  6:55  Warp Prism (Chrono Boost), Gateway  
  107  6:56  Observer (Chrono Boost)  
  107  6:57  Gateway  
  107  7:00  Gateway  
  110  7:08  Shield Battery  
  110  7:09  Shield Battery  
  110  7:10  Shield Battery  
  110  7:11  Photon Cannon  
  110  7:12  Photon Cannon, Sentry x3  
  116  7:19  Stalker  
  116  7:21  Pylon  
  122  7:24  Immortal (Chrono Boost)  
  122  7:32  Photon Cannon  
  122  7:33  Photon Cannon  
  122  7:37  Phoenix  
  124  7:39  Stalker, Phoenix, Immortal  
  132  7:48  Stalker x2  
  132  7:54  Stalker  
  132  7:58  Stalker  
  130  8:02  Stalker x2  
  116  8:06  Stalker  
  104  8:13  Stalker x2  
  104  8:19  Stalker  
  95  8:24  Stalker  
  91  8:28  Zealot x2  
  91  8:33  Zealot  
  92  8:38  Zealot x2  
Tags
 
Add a new tag
Caveats
  • Supply blocks, unpowered buildings, or Contaminate may cause inaccurate times.
  • Supply counts are checked every 10 seconds.